Map: Efflorescence LE

Players

Moe - Winner!

  • Race: Zerg Zerg
  • League: Diamond
  • Spawn Location: 6:00

asPredicted - Winner!

  • Race: Protoss Protoss
  • League: Platinum
  • Spawn Location: 9:00

Massa

  • Race: Terran Terran
  • League: Platinum
  • Spawn Location: 3:00

qqq

  • Race: Zerg Zerg
  • League: Platinum
  • Spawn Location: 12:00

VOD

Have the link to the VOD?

Description

Time

  • Played on: Jan. 23, 2021, 12:12 p.m.
  • Length: 20:34
Show
View Real Time Build Order
Export as new Build Order

Moe Zerg - Winner!

Build Orders: Hatch First, Muta Ling Bane, Zergling Baneling 

Get SALT Encoding   

  12  0:04  Drone  
  13  0:13  Overlord  
  13  0:32  Drone x2  
  15  0:38  Drone  
  16  0:52  Hatchery  
  16  0:55  Drone  
  16  1:00  Drone  
  17  1:10  Drone  
  18  1:16  Spawning Pool  
  17  1:18  Extractor  
  17  1:23  Drone  
  17  1:33  Drone  
  18  1:43  Drone  
  19  1:53  Overlord  
  19  2:03  Queen  
  19  2:04  Drone, Queen  
  19  2:05  Drone  
  25  2:20  Drone x2  
  25  2:21  Metabolic Boost  
  27  2:25  Drone  
  27  2:28  Drone  
  29  2:38  Roach Warren  
  29  2:42  Baneling Nest  
  29  2:43  Drone x2  
  30  2:46  Queen  
  30  2:49  Drone  
  33  2:51  Drone  
  33  2:58  Drone x2  
  36  3:08  Overlord  
  36  3:25  Overlord  
  36  3:30  Drone x6  
  36  3:32  Drone  
  43  3:37  Zergling x2  
  43  3:39  Hatchery  
  43  3:44  Drone x3  
  46  3:48  Zergling x4  
  48  3:56  Baneling x2  
  48  3:57  Drone x2  
  48  4:02  Lair  
  50  4:03  Extractor  
  50  4:05  Drone, Extractor  
  50  4:06  Extractor  
  50  4:09  Baneling x2  
  48  4:12  Overlord  
  48  4:18  Zergling x4  
  48  4:19  Zergling x4  
  48  4:20  Overlord  
  48  4:23  Baneling x2  
  52  4:25  Spine Crawler  
  52  4:30  Spine Crawler x2  
  52  4:31  Spine Crawler  
  49  4:32  Spine Crawler  
  49  4:33  Zergling x2  
  49  4:34  Spine Crawler  
  44  4:49  Zergling x10  
  46  4:55  Baneling x2  
  46  4:56  Zergling x6  
  49  5:13  Drone x2  
  49  5:14  Drone x2  
  54  5:37  Drone x3  
  54  5:38  Drone x5  
  62  5:45  Spire  
  61  6:00  Hatchery  
  61  6:01  Drone x3  
  61  6:02  Drone  
  61  6:03  Overlord x2  
  64  6:24  Overlord  
  64  6:25  Overlord x3  
  64  6:34  Overlord x3  
  64  6:49  Extractor  
  64  6:52  Extractor  
  62  6:57  Mutalisk  
  62  6:58  Mutalisk x7  
  78  7:01  Centrifical Hooks  
  78  7:03  Burrow  
  78  7:20  Drone x4  
  82  7:27  Drone x5  
  68  7:52  Zergling x10  
  68  7:55  Zergling x4  
  68  7:56  Zergling x4  
  73  8:04  Zergling x2  
  64  8:09  Baneling  
  64  8:12  Baneling  
  64  8:13  Baneling x2  
  64  8:18  Baneling x3, Mutalisk x2  
  64  8:19  Mutalisk x2  
  72  8:29  Mutalisk  
  74  8:36  Overseer  
  74  8:44  Mutalisk x3  
  74  8:45  Hatchery  
  78  8:54  Drone x2  
  80  9:00  Hatchery  
  79  9:13  Mutalisk x5  
  79  9:15  Drone  
  90  9:25  Hatchery  
  89  9:32  Drone x8  
  97  9:46  Drone x2  
  99  9:59  Mutalisk x2  
  101  10:00  Mutalisk  
  101  10:01  Drone  
  101  10:02  Queen  
  101  10:04  Drone  
  109  10:17  Mutalisk x2  
  109  10:18  Mutalisk x2  
  109  10:20  Drone  
  118  10:23  Evolution Chamber  
  118  10:25  Evolution Chamber  
  116  10:38  Overseer  
  116  10:39  Zergling x2  
  116  10:40  Extractor  
  116  10:43  Infestation Pit, Zerg Flyer Weapons Level 1  
  116  10:44  Extractor  
  116  10:48  Baneling  
  116  10:49  Baneling x3  
  115  10:50  Drone x15  
  115  10:51  Drone  
  115  10:56  Queen  
  132  11:03  Zerg Melee Weapons Level 1  
  132  11:05  Zerg Ground Armor Level 1  
  132  11:06  Drone x3  
  135  11:22  Pneumatized Carapace  
  135  11:32  Mutalisk x3  
  137  11:34  Overlord x6  
  141  11:58  Baneling x4, Corruptor  
  141  11:59  Corruptor x4  
  151  12:01  Extractor  
  151  12:02  Hatchery  
  151  12:04  Spore Crawler  
  151  12:05  Baneling x4  
  151  12:06  Extractor, Spore Crawler  
  146  12:09  Baneling x3  
  146  12:26  Zergling x14, Corruptor x2  
  146  12:27  Zergling x2, Corruptor x4  
  166  12:37  Baneling x7, Zerg Flyer Armor Level 1  
  166  12:38  Baneling x2  
  166  12:44  Hive  
  107  13:00  Corruptor x3  
  103  13:07  Corruptor  
  103  13:08  Corruptor  
  103  13:10  Zergling x2  
  103  13:11  Zergling x14  
  103  13:12  Zergling x2  
  114  13:21  Queen  
  114  13:23  Drone x3  
  114  13:24  Drone x7  
  114  13:25  Drone x2  
  128  13:44  Drone x8  
  136  13:50  Baneling x3  
  136  13:51  Baneling x15  
  136  14:02  Corruptor x2  
  136  14:03  Corruptor x5  
  150  14:17  Corruptor x4  
  150  14:19  Zergling x6  
  161  14:43  Baneling x4  
  161  14:51  Mutalisk, Corruptor x7  
  161  14:52  Corruptor  
  175  15:13  Greater Spire  
  175  15:40  Hatchery  
  149  15:57  Zergling x6  
  149  15:58  Zergling x34  
  165  16:13  Ultralisk Cavern  
  159  16:25  Drone x13  
  150  16:29  Zergling x4  
  150  16:30  Mutalisk, Zergling x14  
  150  16:31  Mutalisk x4, Zergling x4  
  168  16:39  Hatchery  
  167  16:42  Zerg Ground Armor Level 2, Zerg Melee Weapons Level 2  
  167  16:43  Overseer  
  167  16:44  Overseer  
  167  16:50  Baneling x10  
  167  16:51  Baneling x6  
  158  17:09  Baneling x5  
  158  17:14  Viper  
  158  17:15  Ultralisk x3  
  175  17:17  Overlord x4  
  175  17:18  Overlord x3  
  160  17:38  Ultralisk  
  160  17:39  Ultralisk x4  
  184  18:03  Zergling x2  
  168  18:10  Brood Lord x2  
  168  18:11  Brood Lord x2, Zergling x2  
  168  18:12  Zergling x26  
  175  18:30  Zergling x2, Ultralisk x2  
  175  18:31  Zergling x6  
  185  18:34  Drone x9  
  185  18:35  Drone x5  
  184  18:49  Hatchery  
  184  18:50  Zergling x10  
  188  19:04  Baneling  
  188  19:05  Baneling x5  
  188  19:09  Corruptor x3  
  180  19:22  Corruptor x4  
  188  19:28  Baneling  
  188  19:29  Baneling x2  
  188  19:30  Baneling  
Show
View Real Time Build Order
Export as new Build Order

asPredicted Protoss - Winner!

Build Orders: Oracle Opening 

Get SALT Encoding   

  12  0:00  Probe  
  13  0:12  Probe  
  14  0:18  Pylon  
  14  0:24  Probe  
  15  0:37  Gateway  
  15  0:39  Probe (Chrono Boost)  
  16  0:48  Probe (Chrono Boost)  
  17  0:51  Assimilator  
  17  0:54  Probe  
  18  1:06  Probe (Chrono Boost)  
  19  1:15  Probe (Chrono Boost)  
  20  1:20  Probe (Chrono Boost)  
  21  1:25  Cybernetics Core  
  21  1:32  Probe  
  22  1:35  Assimilator  
  22  1:38  Pylon  
  22  1:44  Probe  
  23  1:56  Probe  
  24  2:08  Probe  
  25  2:16  Stargate  
  25  2:17  Warp Gate (Chrono Boost)  
  25  2:18  Adept  
  27  2:23  Probe  
  28  2:34  Nexus  
  28  2:38  Pylon  
  28  2:41  Probe  
  29  3:03  Oracle (Chrono Boost)  
  29  3:05  Adept  
  34  3:10  Probe  
  35  3:15  Gateway  
  35  3:22  Probe  
  36  3:34  Probe  
  37  3:42  Pylon  
  37  3:47  Probe (Chrono Boost)  
  39  3:51  Probe (Chrono Boost)  
  39  3:55  Stargate  
  40  3:56  Probe (Chrono Boost)  
  40  4:00  Probe (Chrono Boost)  
  40  4:01  Probe (Chrono Boost)  
  42  4:10  Probe  
  42  4:13  Probe  
  44  4:22  Probe  
  45  4:24  Zealot x2  
  45  4:25  Probe  
  45  4:27  Oracle  
  49  4:40  Probe (Chrono Boost)  
  49  4:43  Probe (Chrono Boost), Oracle  
  49  4:45  Adept x2  
  35  4:52  Probe (Chrono Boost)  
  35  4:58  Probe (Chrono Boost)  
  35  4:59  Probe (Chrono Boost)  
  37  5:01  Shield Battery  
  38  5:09  Probe (Chrono Boost)  
  38  5:11  Probe (Chrono Boost)  
  35  5:14  Probe (Chrono Boost)  
  35  5:17  Probe  
  37  5:23  Probe  
  38  5:29  Probe (Chrono Boost)  
  38  5:34  Assimilator  
  39  5:36  Probe (Chrono Boost)  
  39  5:39  Assimilator  
  41  5:47  Probe x2 (Chrono Boost)  
  42  5:52  Probe (Chrono Boost)  
  42  5:54  Probe (Chrono Boost)  
  44  6:00  Nexus  
  44  6:04  Probe (Chrono Boost)  
  44  6:10  Probe (Chrono Boost)  
  46  6:15  Probe (Chrono Boost)  
  46  6:17  Forge  
  48  6:19  Probe (Chrono Boost)  
  48  6:20  Probe (Chrono Boost)  
  48  6:23  Pylon  
  49  6:29  Probe  
  49  6:30  Probe  
  51  6:42  Probe x2, Oracle  
  56  6:54  Probe (Chrono Boost)  
  57  6:55  Photon Cannon  
  57  6:59  Probe (Chrono Boost)  
  58  7:01  Protoss Ground Armor Level 1  
  58  7:05  Probe (Chrono Boost)  
  60  7:09  Probe (Chrono Boost)  
  60  7:10  Probe (Chrono Boost)  
  60  7:15  Photon Cannon  
  61  7:19  Probe  
  62  7:43  Adept x2  
  59  8:08  Void Ray  
  59  8:09  Void Ray  
  59  8:12  Adept x2  
  61  8:19  Gateway  
  69  8:20  Gateway  
  69  8:22  Gateway  
  69  8:25  Gateway  
  69  8:32  Probe (Chrono Boost)  
  72  8:36  Photon Cannon  
  72  8:37  Probe x2 (Chrono Boost)  
  72  8:38  Photon Cannon  
  72  8:39  Shield Battery  
  72  8:40  Shield Battery  
  73  8:41  Probe (Chrono Boost)  
  73  8:42  Pylon  
  73  8:44  Pylon  
  73  8:45  Probe x2 (Chrono Boost)  
  73  8:46  Probe (Chrono Boost)  
  73  8:48  Twilight Council  
  76  8:53  Assimilator  
  76  8:55  Probe  
  76  8:56  Probe, Assimilator  
  78  9:04  Probe  
  78  9:08  Probe x2  
  81  9:17  Protoss Ground Weapons Level 1 (Chrono Boost)  
  81  9:24  Templar Archives  
  81  9:26  Probe  
  81  9:27  Probe x2  
  84  9:38  Oracle  
  84  9:39  Oracle  
  84  9:45  Probe  
  91  9:46  Probe  
  92  9:56  Stalker x4  
  97  10:03  Stalker x2  
  101  10:10  Photon Cannon  
  101  10:11  Photon Cannon  
  101  10:18  Pylon  
  101  10:21  Shield Battery, Pylon  
  101  10:33  Pylon  
  101  10:36  Probe, Phoenix x2 (Chrono Boost)  
  106  10:45  Psionic Storm  
  106  10:47  Photon Cannon, Blink (Chrono Boost)  
  106  10:48  Photon Cannon, Pylon  
  106  10:50  Photon Cannon  
  106  10:51  Pylon  
  106  10:52  Pylon  
  106  10:53  Shield Battery  
  106  10:54  Phoenix (Chrono Boost)  
  108  10:58  High Templar x2  
  108  11:00  High Templar  
  108  11:01  High Templar  
  116  11:09  Archon x2  
  116  11:11  High Templar x2  
  120  11:28  Probe x2, Robotics Facility  
  120  11:29  Dark Shrine  
  122  11:52  Void Ray x2  
  122  11:55  Stalker x6  
  142  12:02  Protoss Ground Weapons Level 2 (Chrono Boost)  
  142  12:09  Probe x2  
  142  12:10  Nexus  
  142  12:12  Probe  
  145  12:21  Probe  
  146  12:29  Void Ray  
  146  12:36  Zealot x6  
  125  12:59  Immortal (Chrono Boost)  
  125  13:03  High Templar x3  
  125  13:04  High Templar x3  
  141  13:09  Archon  
  141  13:10  Archon  
  139  13:28  Immortal (Chrono Boost)  
  143  13:38  Nexus  
  143  13:50  Stalker x3  
  149  13:59  Pylon  
  149  14:01  Pylon  
  149  14:06  Assimilator  
  149  14:10  Assimilator  
  149  14:18  Observer  
  149  14:19  Protoss Ground Armor Level 2  
  122  14:44  Void Ray x2  
  114  14:52  Charge (Chrono Boost)  
  86  15:19  Void Ray (Chrono Boost)  
  86  15:25  Oracle (Chrono Boost)  
  87  15:29  Probe x2  
  87  15:30  High Templar x4  
  87  15:31  High Templar x2  
  93  15:39  Archon x3  
  93  15:44  Observer (Chrono Boost)  
  93  15:49  Void Ray x2 (Chrono Boost)  
  94  15:55  Gateway  
  102  15:57  Gateway  
  102  15:59  Gateway  
  102  16:00  Probe, Photon Cannon  
  102  16:02  Gateway  
  102  16:04  Dark Templar x5  
  105  16:06  Probe x3  
  105  16:07  Shield Battery  
  105  16:08  Shield Battery  
  116  16:12  Probe  
  116  16:18  Probe x2, Stalker  
  121  16:25  Archon  
  121  16:26  Archon  
  121  16:28  Probe x2  
  114  16:36  Stalker x5  
  114  16:47  Probe x2  
  114  16:49  Protoss Ground Weapons Level 3 (Chrono Boost)  
  112  17:06  Stalker x6  
  124  17:08  Pylon  
  124  17:11  Pylon  
  124  17:17  Pylon  
  118  17:25  Pylon  
  103  17:35  Dark Templar x6  
  115  17:45  Shield Battery  
  115  17:47  Shield Battery  
  115  17:48  Shield Battery  
  115  17:50  Pylon  
  115  17:52  Pylon  
  115  17:57  Probe x3  
  115  17:58  Dark Templar x2  
  122  17:59  Archon x2  
  122  18:00  Archon  
  122  18:02  Archon  
  122  18:15  Immortal (Chrono Boost)  
  122  18:17  Zealot x8  
  142  18:22  Probe, Pylon  
  142  18:23  Probe  
  144  18:30  Pylon  
  144  18:33  Zealot x2  
  146  18:35  Pylon  
  144  18:45  Dark Templar x5  
  144  18:46  Zealot x2  
  144  18:47  Zealot  
  160  18:52  Probe, Immortal  
  165  18:57  Archon  
  165  18:58  Archon  
  165  18:59  Zealot x2  
  169  19:10  Gateway  
  169  19:13  Gateway, Photon Cannon  
  169  19:17  Photon Cannon  
  169  19:22  Gateway  
  169  19:23  Photon Cannon  
  164  19:32  Photon Cannon  
  164  19:33  Gateway  
  164  19:35  Zealot x3  
  164  19:36  Zealot  
  158  19:56  Observer (Chrono Boost)  
  159  20:01  Nexus  
  159  20:04  Assimilator  
  159  20:06  Pylon  
  159  20:11  Observer  
  144  20:23  Pylon  
Show
View Real Time Build Order
Export as new Build Order

Massa Terran 

Build Orders:  

Get SALT Encoding   

  12  0:00  SCV  
  13  0:12  SCV  
  14  0:18  Supply Depot  
  14  0:24  SCV  
  15  0:40  SCV  
  15  0:41  Barracks  
  16  0:47  Refinery  
  16  0:52  SCV  
  17  0:59  Supply Depot  
  17  1:04  SCV  
  18  1:16  SCV  
  19  1:28  SCV, Barracks  
  20  1:36  Barracks  
  20  1:44  Barracks Tech Lab  
  20  1:50  Orbital Command  
  20  2:06  Marauder  
  22  2:08  Stimpack  
  22  2:17  Marine, Supply Depot  
  23  2:24  Marine  
  23  2:28  Marauder  
  26  2:34  Marine  
  27  2:42  Marine  
  28  2:49  Marine  
  28  2:50  Supply Depot  
  29  2:52  Marine  
  30  2:59  Marine  
  31  3:06  Factory  
  31  3:07  Marine  
  31  3:10  Marine  
  33  3:17  Marine  
  34  3:25  Marine  
  35  3:28  Marine  
  36  3:35  Marine  
  36  3:37  Engineering Bay  
  37  3:42  Marine  
  37  3:46  Marine  
  39  3:52  Factory Tech Lab  
  39  3:53  Marine  
  40  4:00  Marine  
  41  4:05  Command Center  
  39  4:13  Missile Turret  
  20  5:05  Missile Turret  
  20  5:06  Widow Mine  
  21  5:11  Marine  
  22  5:27  Widow Mine  
  24  5:35  Marine x3  
  24  5:46  SCV  
  24  5:49  SCV  
  26  5:52  Marine x2  
  28  5:58  SCV  
  28  6:00  Marine  
  28  6:01  SCV  
  31  6:10  Marine x2  
  35  6:11  Widow Mine  
  35  6:18  Marine  
  35  6:20  SCV  
  35  6:22  Orbital Command  
  37  6:27  Combat Shield  
  37  6:28  Marine x2  
  37  6:32  Widow Mine, SCV  
  42  6:40  Marine  
  42  6:46  Marine x2  
  45  6:52  Refinery, SCV x2  
  47  7:04  SCV x2  
  47  7:06  Cyclone  
  52  7:11  Supply Depot  
  52  7:12  Supply Depot  
  52  7:15  Supply Depot  
  52  7:16  SCV  
  53  7:28  Missile Turret  
  41  8:26  Cyclone  
  40  8:27  Marine  
  40  8:28  Marauder, Marine  
  40  8:29  SCV x2  
  46  8:37  Missile Turret  
  47  8:41  SCV x2  
  47  8:45  Armory, Marine  
  47  8:48  Factory  
  50  8:49  Marauder  
  50  8:53  SCV  
  52  8:56  Barracks Reactor  
  52  9:02  Widow Mine  
  50  9:03  Marine  
  50  9:08  SCV  
  50  9:09  Refinery, SCV  
  53  9:15  Refinery  
  53  9:21  SCV x2  
  55  9:31  Barracks Reactor  
  55  9:33  SCV x2  
  57  9:39  Drilling Claws, Command Center  
  57  9:43  Barracks Reactor  
  57  9:44  Widow Mine x3  
  63  9:48  Marine  
  63  9:51  SCV  
  63  9:52  SCV  
  66  10:04  Starport, SCV x2  
  66  10:05  Marine  
  69  10:08  Concussive Shells  
  69  10:09  Marine x2  
  69  10:11  Widow Mine  
  69  10:12  Widow Mine x2  
  77  10:19  SCV x2  
  79  10:23  Marine  
  79  10:27  Marine  
  81  10:31  SCV x2  
  81  10:32  Marine  
  81  10:33  Widow Mine  
  86  10:39  Supply Depot  
  86  10:43  Supply Depot  
  86  10:45  Supply Depot  
  86  10:50  SCV, Marine x4  
  86  10:51  Widow Mine x2, Starport Reactor  
  86  10:54  Widow Mine, Planetary Fortress  
  86  10:56  SCV  
  98  11:02  SCV  
  99  11:09  SCV  
  100  11:12  Widow Mine, Terran Infantry Weapons Level 1  
  100  11:15  SCV  
  100  11:17  Engineering Bay  
  100  11:18  Siege Tank  
  106  11:20  Widow Mine  
  108  11:27  SCV x2  
  108  11:32  Marine  
  111  11:33  Widow Mine, Marauder, Marine x2  
  111  11:35  Marine  
  111  11:38  Medivac  
  111  11:39  SCV x2  
  122  11:40  SCV  
  122  11:42  Widow Mine  
  125  11:49  Supply Depot  
  125  11:52  Supply Depot  
  125  11:54  Supply Depot  
  125  12:02  Sensor Tower  
  125  12:04  Missile Turret  
  125  12:10  SCV, Medivac  
  125  12:11  Widow Mine x2  
  125  12:13  Widow Mine  
  134  12:20  Marauder, Marine x4  
  140  12:32  Widow Mine x2  
  140  12:35  Widow Mine  
  133  12:38  Marine x2  
  134  12:55  Marauder, Marine x2  
  134  12:56  Widow Mine, Marine  
  134  12:57  Widow Mine x2  
  83  13:14  Marine  
  83  13:15  Marine x3  
  83  13:17  Marauder  
  83  13:18  Widow Mine x3  
  95  13:22  SCV x3  
  95  13:26  Refinery  
  98  13:29  Terran Infantry Weapons Level 2  
  98  13:32  Marine  
  98  13:33  Marine x3  
  102  13:34  SCV x2  
  102  13:38  Marauder  
  102  13:39  Widow Mine x2  
  102  13:40  Widow Mine  
  107  13:50  Marine  
  107  13:51  Marine x3  
  111  13:59  Marauder  
  111  14:01  Widow Mine  
  115  14:08  Marine  
  116  14:21  Marauder  
  116  14:22  Marine x3  
  116  14:23  Command Center  
  121  14:26  Marine  
  98  14:42  Marine  
  98  14:43  Marine x3  
  98  14:44  Marine  
  94  14:52  Widow Mine x2  
  97  14:53  Widow Mine, Medivac x2  
  97  15:00  Marine  
  97  15:01  Marine x4  
  100  15:11  Barracks  
  100  15:13  Widow Mine x2  
  105  15:14  Widow Mine, Barracks  
  105  15:18  Barracks x2, Marine x2  
  105  15:19  Barracks, Marine x3  
  110  15:23  Medivac x2  
  114  15:35  Widow Mine x2  
  118  15:36  Marine  
  93  16:06  Marauder, Marine x4  
  99  16:16  Barracks Reactor, Barracks Tech Lab x2  
  99  16:17  Barracks Reactor, Barracks Tech Lab  
  99  16:24  Marine x2  
  99  16:25  Medivac x2  
  89  16:27  Marauder  
  89  16:32  Widow Mine  
  81  16:33  Thor  
  81  16:34  Widow Mine  
  81  16:38  Marauder, Marine x3  
  81  16:39  Marauder  
  92  16:41  Marine  
  92  16:42  Marine  
  94  16:49  Marauder  
  94  16:51  Command Center  
  94  16:54  Widow Mine  
  98  16:55  Widow Mine, Medivac  
  98  16:56  Marine x2  
  98  16:57  Marauder  
  98  16:59  Marine x2  
  98  17:01  Marauder  
  110  17:03  Marine x5  
  113  17:10  Marauder  
  113  17:14  Marine x2  
  113  17:15  Widow Mine  
  119  17:16  Thor  
  119  17:17  Marine  
  119  17:18  Marauder x2  
  119  17:21  Marine x6  
  123  17:31  Marine  
  123  17:32  Marine x2  
  123  17:35  Marine  
  123  17:38  Marine x2  
  123  17:39  Marine x2  
  115  17:55  Marauder x3, Marine x2  
  115  17:56  Marine x5  
  115  17:57  Marine x2  
  124  18:09  Thor  
  124  18:11  Widow Mine x2  
  134  18:13  Marine x5  
  134  18:14  Marine x2  
  134  18:15  Marine x2  
  134  18:16  Marine x3  
  123  18:31  Marine  
  103  18:45  Marauder x3  
  103  18:46  Marauder, Marine  
  103  18:48  Medivac  
  114  18:52  Thor  
  114  18:54  Planetary Fortress  
  120  18:56  SCV  
  120  19:19  SCV  
  120  19:20  SCV x2  
  122  19:32  SCV x4  
  122  19:33  Marauder, Marine  
  122  19:34  Marauder x3  
  122  19:36  Widow Mine  
  93  20:10  Widow Mine  
  93  20:11  Marine  
Show
View Real Time Build Order
Export as new Build Order

qqq Zerg 

Build Orders: Hatch First 

Get SALT Encoding   

  12  0:00  Drone  
  13  0:09  Drone  
  14  0:18  Overlord  
  14  0:48  Hatchery  
  13  0:51  Drone x2  
  13  0:55  Extractor  
  14  0:58  Drone  
  15  1:11  Drone  
  16  1:19  Drone  
  16  1:24  Spawning Pool  
  16  1:42  Drone x2  
  18  2:23  Zergling x6  
  18  2:24  Metabolic Boost  
  18  2:25  Queen  
  18  2:26  Queen  
  25  2:31  Zergling x2  
  26  2:38  Overlord  
  26  2:43  Drone  
  27  2:46  Drone  
  28  2:54  Overlord  
  27  3:05  Queen  
  27  3:10  Drone  
  30  3:13  Drone  
  30  3:16  Drone  
  32  3:20  Drone  
  32  3:26  Drone  
  34  3:30  Spore Crawler  
  32  3:35  Spore Crawler  
  31  3:43  Zergling x4  
  31  3:44  Zergling x2  
  31  3:47  Drone  
  35  3:51  Drone  
  35  3:53  Zergling x2  
  37  3:57  Overlord  
  37  4:03  Overlord  
  37  4:09  Zergling x2  
  38  4:18  Zergling x2  
  38  4:19  Zergling x6  
  42  4:30  Zergling x2  
  44  4:31  Zergling x2  
  42  4:39  Zergling x2  
  42  4:40  Zergling x2  
  40  4:48  Zergling x2  
  38  4:56  Zergling x6  
  38  4:57  Drone  
  42  5:01  Lair  
  42  5:02  Zergling x6  
  42  5:20  Zergling x6  
  42  5:21  Drone  
  42  5:22  Drone  
  43  5:30  Zergling x6  
  43  5:34  Drone, Baneling Nest  
  46  5:37  Drone  
  46  5:38  Drone x2  
  50  5:57  Drone, Zergling x2  
  50  5:58  Zergling x2  
  52  6:15  Spire  
  52  6:16  Drone  
  52  6:17  Drone x4  
  56  6:18  Drone, Zergling x2  
  56  6:19  Zergling x2  
  59  6:29  Extractor  
  59  6:31  Extractor  
  59  6:32  Extractor  
  56  6:35  Baneling  
  56  6:36  Baneling x6  
  56  6:45  Drone  
  56  6:46  Drone x2  
  59  6:47  Overlord  
  59  6:48  Overlord x2  
  59  6:52  Hatchery  
  58  6:54  Drone  
  58  6:58  Overlord x2  
  59  7:07  Drone x3  
  62  7:09  Zergling x4  
  61  7:53  Mutalisk x5  
  61  7:54  Mutalisk x3  
  73  8:04  Mutalisk, Zergling x4  
  70  8:06  Mutalisk  
  70  8:08  Drone  
  70  8:12  Queen  
  69  8:18  Mutalisk  
  71  8:28  Drone x2  
  71  8:29  Drone x2  
  75  8:40  Infestation Pit  
  74  8:41  Mutalisk  
  74  8:43  Drone  
  74  8:47  Spore Crawler  
  76  8:49  Mutalisk  
  76  8:51  Hatchery  
  76  8:52  Mutalisk  
  79  9:04  Drone x2  
  81  9:10  Zerg Flyer Weapons Level 1  
  81  9:13  Drone  
  82  9:17  Extractor  
  82  9:21  Hive  
  82  9:22  Drone  
  82  9:24  Mutalisk  
  82  9:27  Overlord x4  
  82  9:31  Drone  
  85  9:37  Spore Crawler  
  84  9:42  Drone  
  84  9:45  Mutalisk x2  
  88  9:59  Mutalisk  
  88  10:02  Drone x2  
  92  10:09  Extractor  
  92  10:12  Drone  
  92  10:13  Queen, Spore Crawler  
  93  10:25  Corruptor x2  
  93  10:26  Corruptor  
  93  10:27  Corruptor  
  101  10:28  Drone  
  101  10:29  Drone x3  
  101  10:31  Spore Crawler  
  104  10:43  Viper  
  107  10:52  Drone x2  
  107  10:54  Drone  
  107  10:55  Drone  
  111  10:57  Drone  
  112  11:04  Zerg Flyer Armor Level 1  
  112  11:12  Hatchery  
  112  11:14  Drone x2  
  112  11:15  Drone x3  
  112  11:16  Viper  
  112  11:17  Overlord  
  119  11:18  Viper  
  119  11:25  Extractor, Corruptor  
  121  11:27  Mutalisk  
  124  11:59  Drone x6  
  124  12:00  Mutalisk x2  
  134  12:01  Corruptor x3  
  134  12:03  Zergling x2  
  131  12:38  Mutalisk  
  131  12:39  Mutalisk x5  
  107  13:11  Mutalisk x4  
  112  13:19  Mutalisk x2  
  116  13:20  Drone x4  
  116  13:21  Drone x3  
  116  13:22  Extractor  
  122  13:40  Zergling x6  
  122  13:41  Zergling x2  
  126  13:43  Zerg Flyer Weapons Level 2  
  126  13:50  Hatchery, Ultralisk Cavern  
  126  13:51  Drone x4  
  126  13:52  Evolution Chamber, Corruptor  
  126  13:54  Zergling x2  
  126  13:55  Drone, Evolution Chamber  
  130  13:56  Drone  
  130  14:02  Spine Crawler  
  130  14:03  Spine Crawler  
  130  14:06  Overseer  
  130  14:08  Pneumatized Carapace  
  106  14:38  Corruptor  
  106  14:39  Corruptor x4  
  106  14:42  Viper  
  106  14:44  Zergling x4  
  106  14:45  Zergling x8  
  123  14:52  Corruptor  
  119  14:53  Drone, Zergling x2  
  119  14:54  Zergling x2  
  119  14:55  Zergling x2  
  116  15:10  Mutalisk  
  116  15:11  Mutalisk x3  
  116  15:12  Mutalisk  
  114  15:22  Mutalisk x2  
  114  15:24  Drone  
  118  15:34  Hatchery, Viper  
  120  15:35  Zergling x2  
  120  15:36  Drone, Zergling x4  
  120  15:37  Drone  
  121  15:57  Ultralisk  
  121  15:58  Zergling x8  
  121  15:59  Drone x2, Zerg Flyer Armor Level 2  
  121  16:00  Drone  
  134  16:09  Zergling x2, Ultralisk  
  134  16:10  Hatchery, Zergling x4  
  142  16:29  Mutalisk  
  142  16:31  Overlord x5  
  144  16:35  Zerg Melee Weapons Level 1, Zerg Ground Armor Level 1  
  141  16:49  Ultralisk  
  141  16:50  Zergling x8  
  141  16:51  Zergling x8  
  148  17:13  Ultralisk x2  
  148  17:14  Zergling x10  
  129  17:29  Zergling x4, Ultralisk  
  118  17:31  Zergling x6  
  118  17:35  Spine Crawler  
  120  17:37  Drone x2, Spine Crawler  
  121  17:44  Spine Crawler  
  121  17:45  Spine Crawler, Zergling x2, Ultralisk  
  121  17:46  Zergling x6  
  121  17:49  Corruptor  
  131  17:51  Drone x2  
  131  18:10  Spine Crawler, Overseer x2  
  131  18:11  Anabolic Synthesis, Spore Crawler  
  129  18:14  Hatchery  
  129  18:15  Zergling x2, Ultralisk  
  129  18:16  Zergling x6  
  138  18:20  Mutalisk  
  138  18:21  Zergling x6  
  142  18:32  Spore Crawler  
  139  18:45  Zergling x10  
  139  18:46  Zergling x4  
  146  18:52  Infestation Pit  
  146  18:54  Chitinous Plating  
  145  19:01  Extractor  
  144  19:07  Extractor  
  144  19:08  Ultralisk  
  144  19:09  Ultralisk  
  155  19:10  Mutalisk  
  155  19:11  Zergling x6  
  155  19:12  Zergling x2  
  118  19:51  Ultralisk x2  
  113  19:53  Ultralisk  
  113  19:57  Drone x4  
  113  19:58  Drone x2  
  125  20:07  Hydralisk Den  
  124  20:16  Spore Crawler  
  124  20:18  Spore Crawler  
  124  20:20  Spine Crawler  
Tags
 
Add a new tag
Caveats
  • Supply blocks, unpowered buildings, or Contaminate may cause inaccurate times.
  • Supply counts are checked every 10 seconds.